[Event "Titled Tuesday Blitz September 13 Late 2022"]
[White "Melian, Juan Sebastian"]
[Black "Navarrete Mendez, Gonzalo Alberto"]
[WhiteFideId "3706575"]
[BlackFideId "5106850"]
[WhiteElo "1851"]
[BlackElo "2261"]
[Result "0-1"]
[Round "08"]
[TimeControl "180+1"]
[Date "2022.09.13"]
[WhiteClock "0:00:03"]
[BlackClock "0:01:05"]

1. d4 d5 2. c4 dxc4 3. Nf3 a6 4. a4 Nf6 5. e3 Bg4 6. Bxc4 e6 7. Nc3 Nc6 8. O-O Bd6 9. Be2 O-O 10. Nd2 Bxe2 11. Qxe2 e5 12. d5 Ne7 13. e4 Nd7 14. Nc4 f5 15. exf5 Nxf5 16. Be3 Qe8 17. Ne4 Qg6 18. f3 Nf6 19. Nxf6+ gxf6 20. g4 Kh8 21. Kh1 Ne7 22. Rad1 f5 23. Bc1 Qf6 24. b3 Ng6 25. g5 Qg7 26. Rg1 Rae8 27. Bb2 Kg8 28. Na5 Nf4 29. Qc2 Qg6 30. Nxb7 Qh5 31. Rdf1 Qf7 32. Na5 Qxd5 33. Qc3 Ne2 34. Qc4 Qxc4 35. Nxc4 Nxg1 36. Kxg1 e4 37. f4 Rd8 38. Kf2 Bc5+ 39. Ke2 Bd4 40. Ba3 c5 41. h4 Rb8 42. Nd2 e3 43. Nc4 Rxb3 44. h5 Rc3 45. g6 Rxc4 46. gxh7+ Kxh7 0-1


[Site "https://www.chess.com"]

[Event "Titled Tuesday Blitz September 13 Late 2022"]
[White "Mihajlov, Sebastian"]
[Black "Preotu, Razvan"]
[WhiteFideId "1512110"]
[BlackFideId "2613280"]
[WhiteElo "2464"]
[BlackElo "2407"]
[Result "0-1"]
[Round "08"]
[TimeControl "180+1"]
[Date "2022.09.13"]
[WhiteClock "0:00:12"]
[BlackClock "0:00:58"]

1. e4 c5 2. Nf3 d6 3. d4 cxd4 4. Nxd4 Nf6 5. Nc3 a6 6. Bc4 e6 7. Bb3 b5 8. Be3 Be7 9. Qf3 Qc7 10. g4 b4 11. Nce2 Nbd7 12. g5 Ne5 13. Qg2 Nxe4 14. Qxe4 Bb7 15. Qf4 Bxh1 16. O-O-O O-O 17. Rxh1 a5 18. Kb1 a4 19. Bxe6 fxe6 20. Nxe6 Qc6 21. Nxf8 Qxh1+ 22. Nc1 Rxf8 23. Qxb4 Qc6 0-1


[Site "https://www.chess.com"]

[Event "Titled Tuesday Blitz September 13 Late 2022"]
[White "Mikhailov, Viacheslav"]
[Black "Djokic, Mihailo"]
[WhiteFideId "4187369"]
[BlackFideId "976440"]
[WhiteElo "2381"]
[BlackElo "2315"]
[Result "1-0"]
[Round "08"]
[TimeControl "180+1"]
[Date "2022.09.13"]
[WhiteClock "0:00:19"]
[BlackClock "0:00:41"]

1. Nf3 Nf6 2. g3 g6 3. Bg2 Bg7 4. O-O O-O 5. c4 d6 6. Nc3 Nc6 7. d3 a6 8. Bg5 h6 9. Bxf6 Bxf6 10. Rc1 Bg7 11. Qd2 e6 12. a3 Bd7 13. b4 Rb8 14. b5 axb5 15. Nxb5 h5 16. Rb1 Ne7 17. Rfc1 b6 18. h4 Bc6 19. Ng5 Bxg2 20. Kxg2 Ra8 21. Rb3 Qd7 22. Nf3 Ra5 23. d4 Rfa8 24. c5 dxc5 25. dxc5 Qxd2 26. Nxd2 Nd5 27. e4 c6 28. exd5 cxb5 29. cxb6 Rb8 30. dxe6 fxe6 31. Rc6 Kf7 32. Ne4 Bf8 33. Ng5+ Kg8 34. Rxe6 Kg7 35. Rf3 Rb7 36. Rc6 Ra8 37. Ne6+ Kg8 38. Nxf8 Rxf8 39. Rxf8+ Kxf8 40. Rxg6 Kf7 41. Rh6 Kg7 42. Rc6 Rxb6 43. Rxb6 1-0


[Site "https://www.chess.com"]

[Event "Titled Tuesday Blitz September 13 Late 2022"]
[White "Mirzoev, Azer"]
[Black "Janaszak, Dawid"]
[WhiteFideId "13400304"]
[BlackFideId "1119206"]
[WhiteElo "2525"]
[BlackElo "2165"]
[Result "1-0"]
[Round "08"]
[TimeControl "180+1"]
[Date "2022.09.13"]
[WhiteClock "0:00:28"]
[BlackClock "0:00:06"]

1. Nf3 Nf6 2. c4 g6 3. Nc3 d5 4. cxd5 Nxd5 5. Qb3 Nb6 6. d4 Bg7 7. Bg5 O-O 8. e3 h6 9. Bh4 c5 10. dxc5 N6d7 11. Qa3 Nc6 12. Rc1 g5 13. Bg3 a5 14. Bb5 Nb4 15. O-O Nxc5 16. Rfd1 Qb6 17. Bc4 Bf5 18. Nd5 Nxd5 19. Bxd5 Rac8 20. Nd4 Bg4 21. Bf3 Bxf3 22. gxf3 Qb4 23. Qxb4 axb4 24. Nf5 Rfe8 25. Rd5 b6 26. Nxg7 Kxg7 27. Rc4 Ra8 28. Rxb4 Rxa2 29. Rxb6 Ne6 30. Kg2 Rc8 31. Rd7 Kf8 32. h4 Ke8 33. Rd5 gxh4 34. Bxh4 Ng5 35. Bxg5 hxg5 36. Rxg5 Kf8 37. Rb7 Rc2 38. Rb8+ 1-0


[Site "https://www.chess.com"]

[Event "Titled Tuesday Blitz September 13 Late 2022"]
[White "Naroditsky, Daniel"]
[Black "Kravtsiv, Martyn"]
[WhiteFideId "2026961"]
[BlackFideId "14113147"]
[WhiteElo "2628"]
[BlackElo "2694"]
[Result "1-0"]
[Round "08"]
[TimeControl "180+1"]
[Date "2022.09.13"]
[WhiteClock "0:00:11"]
[BlackClock "0:00:03"]

1. e4 e5 2. Nf3 Nc6 3. Bb5 a6 4. Ba4 Nf6 5. O-O Be7 6. Re1 b5 7. Bb3 O-O 8. d4 d6 9. c3 Bg4 10. d5 Na5 11. Bc2 c6 12. dxc6 Nxc6 13. Bg5 Nh5 14. Bxe7 Qxe7 15. Nbd2 Nf4 16. h3 Be6 17. Nf1 b4 18. Ba4 Rfc8 19. Bxc6 Rxc6 20. cxb4 Bxh3 21. gxh3 Qe6 22. N3h2 Nxh3+ 23. Kg2 h5 24. Ng3 Nf4+ 25. Kh1 Qh3 26. Rg1 g6 27. Qf3 Kf8 28. Rac1 Rac8 29. Rxc6 Rxc6 30. Qb3 Rc1 31. Qf3 Rc2 32. Nf1 Qe6 33. a3 Rxb2 34. Ne3 Qa2 35. Rf1 Qxa3 36. Nc4 Qxf3+ 37. Nxf3 Rxb4 38. Nxd6 Ke7 39. Rd1 Ke6 40. Nc8 Rxe4 41. Ng5+ Kf5 42. Nxe4 Kxe4 43. Nd6+ Kf3 44. Nxf7 e4 45. Ng5+ Kxf2 46. Nxe4+ Ke3 47. Nc5 a5 48. Ra1 g5 49. Ra3+ Ke2 50. Ne4 g4 51. Ng3+ Kf2 52. Ne4+ Ke2 53. Ng3+ Kf2 54. Nf5 Ne2 55. Rxa5 g3 56. Nh4 Nf4 57. Rf5 Ke3 58. Ng2+ Nxg2 59. Kxg2 1-0


[Site "https://www.chess.com"]

[Event "Titled Tuesday Blitz September 13 Late 2022"]
[White "Nasuta, Grzegorz"]
[Black "Pap, Gyula"]
[WhiteFideId "1141686"]
[BlackFideId "725323"]
[WhiteElo "2354"]
[BlackElo "2519"]
[Result "0-1"]
[Round "08"]
[TimeControl "180+1"]
[Date "2022.09.13"]
[WhiteClock "0:00:02"]
[BlackClock "0:00:05"]

1. e4 e5 2. Nf3 Nc6 3. Bc4 Bc5 4. O-O Qe7 5. c3 Nf6 6. Re1 d6 7. a4 a6 8. b4 Ba7 9. d3 h6 10. Be3 Bxe3 11. Rxe3 Be6 12. Nbd2 O-O 13. h3 d5 14. exd5 Nxd5 15. Bxd5 Bxd5 16. Qc2 Qf6 17. Rae1 Qg6 18. b5 axb5 19. axb5 Ra2 20. Qd1 Ne7 21. Nh4 Qf6 22. Nhf3 Qg6 23. Nh4 Qf6 24. Nhf3 c6 25. c4 Bxf3 26. Nxf3 cxb5 27. Rxe5 Ng6 28. Rxb5 Nf4 29. Rbe5 g6 30. R5e4 g5 31. c5 Kg7 32. d4 Rfa8 33. Qc1 R8a3 34. Qb1 Nxh3+ 35. gxh3 Qxf3 36. R4e3 Qxf2+ 0-1


[Site "https://www.chess.com"]

[Event "Titled Tuesday Blitz September 13 Late 2022"]
[White "Nazaretyan, Tigran"]
[Black "Melikyan, Gnel"]
[WhiteFideId "24162345"]
[BlackFideId "54109990"]
[WhiteElo "2173"]
[BlackElo "1772"]
[Result "1/2-1/2"]
[Round "08"]
[TimeControl "180+1"]
[Date "2022.09.13"]
[WhiteClock "0:00:13"]
[BlackClock "0:00:14"]

1. d4 d6 2. Nf3 Nf6 3. c4 Nbd7 4. Nc3 e5 5. e4 Be7 6. Be2 O-O 7. O-O Re8 8. Re1 h6 9. Bf1 Bf8 10. h3 c6 11. d5 cxd5 12. cxd5 a6 13. Be3 b5 14. Nd2 Bb7 15. b4 Rc8 16. Qb3 Nb6 17. a4 Rxc3 18. Qxc3 Nxa4 19. Qa3 Nh5 20. g3 g6 21. Nc4 f5 22. Na5 Ba8 23. exf5 gxf5 24. Nc6 Qf6 25. Bd2 Qg6 26. Bg2 Bg7 27. Rac1 Kh7 28. Qe3 f4 29. Qe4 fxg3 30. Qxg6+ Kxg6 31. Be4+ Kf7 32. Rf1 g2 33. Kxg2 Nb2 34. Na5 Nf6 35. Rc7+ Re7 36. Bg6+ Kxg6 37. Rxe7 Nxd5 38. Ra7 Ne3+ 39. Kg1 Nxf1 40. Kxf1 Be4 41. Rxa6 Bf8 42. Bc3 Nc4 43. Nxc4 bxc4 44. Bxe5 c3 45. Ke1 c2 46. Kd2 Kf5 47. Bxd6 Bg7 48. b5 Bb2 49. Rc6 Bxc6 50. Kxc2 Bxb5 51. Kxb2 h5 52. Bg3 Ke4 53. Kc3 Kf3 54. h4 Bd7 55. Kd4 Bg4 56. Ke5 Bh3 57. Kf6 Bg4 58. Kg5 Ke4 59. f4 Be6 60. Be1 Bd7 61. Bb4 Bc8 62. Be7 Bd7 63. Bd6 Bc8 64. Kxh5 Kf5 65. Kh6 Bb7 66. h5 Bf3 67. Be5 Bg4 68. Bd6 Bf3 69. Bc7 Bg4 70. Bb8 Bf3 71. Kg7 Bxh5 72. Kf8 Bf3 73. Ke7 Be4 74. Be5 Bf3 75. Bd6 Bg4 76. Be5 Bf3 77. Bd6 Bg4 78. Be5 Bf3 1/2-1/2


[Site "https://www.chess.com"]

[Event "Titled Tuesday Blitz September 13 Late 2022"]
[White "Pranav, V"]
[Black "Al Hosani, Omran"]
[WhiteFideId "25060783"]
[BlackFideId "9308733"]
[WhiteElo "2390"]
[BlackElo "2167"]
[Result "1-0"]
[Round "08"]
[TimeControl "180+1"]
[Date "2022.09.13"]
[WhiteClock "0:01:13"]
[BlackClock "0:00:04"]

1. Nf3 Nf6 2. g3 e6 3. Bg2 d5 4. O-O Be7 5. d3 O-O 6. Nbd2 c5 7. e4 Nc6 8. Re1 b6 9. e5 Nd7 10. Nf1 Bb7 11. Bf4 b5 12. h4 a5 13. h5 h6 14. N1h2 Re8 15. Ng4 Bf8 16. Qd2 Kh7 17. c3 d4 18. Qd1 Ne7 19. cxd4 Nf5 20. Rc1 cxd4 21. Bd2 Bd5 22. a4 Nc5 23. Qe2 Nxa4 24. Nh4 Nxh4 25. gxh4 Qxh4 26. Bxd5 exd5 27. Qf3 Nxb2 28. Kg2 Ra6 29. Rc7 Kh8 30. Rxf7 Bb4 31. Bxb4 axb4 32. Rf8+ Rxf8 33. Qxf8+ Kh7 34. Qf5+ Kh8 35. e6 Qe7 36. Ne5 Qg5+ 37. Qxg5 hxg5 38. e7 Ra8 39. Nf7+ Kg8 40. Nd8 Nxd3 41. e8=Q+ Kh7 42. Qg6+ Kg8 43. Re8# 1-0


[Site "https://www.chess.com"]

[Event "Titled Tuesday Blitz September 13 Late 2022"]
[White "Salem, A.R. Saleh"]
[Black "Dounis, Alexandros"]
[WhiteFideId "9301348"]
[BlackFideId "4213238"]
[WhiteElo "2628"]
[BlackElo "2204"]
[Result "0-1"]
[Round "08"]
[TimeControl "180+1"]
[Date "2022.09.13"]
[WhiteClock "0:00:03"]
[BlackClock "0:00:04"]

1. d4 Nf6 2. c4 g6 3. Nc3 d5 4. cxd5 Nxd5 5. e4 Nxc3 6. bxc3 Bg7 7. Bc4 c5 8. Ne2 Nc6 9. Be3 O-O 10. O-O Qc7 11. Rc1 Rd8 12. h4 a6 13. h5 b5 14. Bd3 Bb7 15. h6 Bh8 16. e5 Nxe5 17. Bf4 Qc6 18. f3 Nxd3 19. Qxd3 e5 20. Bg5 Rd7 21. Rfe1 exd4 22. cxd4 c4 23. Qe3 b4 24. Kh1 Qd5 25. Nf4 Qd6 26. Rxc4 Rf8 27. d5 f6 28. Bh4 g5 29. Ne6 Re8 30. Rg4 Qxd5 31. Bxg5 Rxe6 32. Qxe6+ Qxe6 33. Rxe6 Kf7 34. Rb6 fxg5 35. Rxg5 Bc3 36. Rf5+ Ke7 37. Kh2 Bc8 38. Rc6 Bb7 39. Rb6 Kd8 40. Re6 Re7 41. Rd6+ Kc7 42. Rd3 Bc6 43. g4 Re2+ 44. Kg3 Rxa2 45. Rf7+ Kb6 46. Rxh7 Be5+ 47. Kh4 Rh2+ 48. Kg5 a5 49. Re7 Bc3 50. f4 a4 51. f5 a3 52. f6 a2 53. Rd1 Bd2+ 54. Rxd2 Rxd2 55. Re1 Bd5 56. Kg6 b3 57. h7 Rh2 58. Rd1 b2 59. Rxd5 b1=Q+ 60. Kf7 a1=Q 61. Rh5 Rxh5 62. gxh5 Qxh7+ 0-1


[Site "https://www.chess.com"]

[Event "Titled Tuesday Blitz September 13 Late 2022"]
[White "Sargsyan, Anna M."]
[Black "Lenderman, Aleksandr"]
[WhiteFideId "13308130"]
[BlackFideId "2021285"]
[WhiteElo "2271"]
[BlackElo "2607"]
[Result "0-1"]
[Round "08"]
[TimeControl "180+1"]
[Date "2022.09.13"]
[WhiteClock "0:00:35"]
[BlackClock "0:00:33"]

1. d4 e6 2. c4 b6 3. a3 Bb7 4. Nc3 f5 5. Nf3 Nf6 6. d5 Bd6 7. Nd4 O-O 8. dxe6 Be5 9. exd7 Qxd7 10. Ndb5 Qxd1+ 11. Nxd1 f4 12. e3 fxe3 13. Bxe3 Ng4 14. Bd4 Nc6 15. Bxe5 Ncxe5 16. f3 Rae8 17. Kd2 Rd8+ 18. Kc3 Nxf3 19. gxf3 Rxf3+ 20. Kb4 c5+ 21. Ka4 Be4 22. Ndc3 Rxc3 23. bxc3 Bc2# 0-1


[Site "https://www.chess.com"]

[Event "Titled Tuesday Blitz September 13 Late 2022"]
[White "Shimanov, Aleksandr"]
[Black "Domalchuk-Jonasson, Aleksandr"]
[WhiteFideId "4198603"]
[BlackFideId "14142805"]
[WhiteElo "2605"]
[BlackElo "1991"]
[Result "1-0"]
[Round "08"]
[TimeControl "180+1"]
[Date "2022.09.13"]
[WhiteClock "0:00:56"]
[BlackClock "0:00:08"]

1. e4 e6 2. Nf3 d5 3. Nc3 Nf6 4. e5 Nfd7 5. d4 c5 6. dxc5 Nc6 7. Bf4 Be7 8. h4 Nxc5 9. Bd3 a6 10. a3 b5 11. Ne2 Bd7 12. Ned4 Rc8 13. Nxc6 Nxd3+ 14. cxd3 Rxc6 15. Nd4 Rc8 16. Qg4 g6 17. h5 g5 18. Be3 Qa5+ 19. Bd2 Qb6 20. h6 b4 21. O-O bxa3 22. bxa3 Rg8 23. Rab1 Qc7 24. Nf3 Bb5 25. Rfc1 Qd7 26. Ne1 Rxc1 27. Bxc1 Rg6 28. a4 Bxa4 29. Rb8+ Bd8 30. Bxg5 f6 31. exf6 Kf7 32. Nf3 Bc7 33. Rh8 Qc6 34. Rxh7+ Kf8 35. Qh5 Qe8 36. Rh8+ Rg8 37. h7 Qxh5 38. hxg8=Q# 1-0


[Site "https://www.chess.com"]

[Event "Titled Tuesday Blitz September 13 Late 2022"]
[White "Shirov, Alexei"]
[Black "Bilan, Danila"]
[WhiteFideId "2209390"]
[BlackFideId "24161918"]
[WhiteElo "2678"]
[BlackElo "2164"]
[Result "1-0"]
[Round "08"]
[TimeControl "180+1"]
[Date "2022.09.13"]
[WhiteClock "0:00:38"]
[BlackClock "0:00:02"]

1. e4 c6 2. d4 d5 3. e5 c5 4. dxc5 Nc6 5. f4 e6 6. Be3 d4 7. Bf2 Bxc5 8. a3 Nge7 9. Bd3 Nd5 10. Qf3 Qb6 11. b4 Ncxb4 12. axb4 Qxb4+ 13. Nd2 Bd7 14. Ne2 Bc6 15. Qg3 Ne3 16. c3 Nxg2+ 17. Qxg2 dxc3 18. Ne4 c2+ 19. Kf1 Bxf2 20. Kxf2 Qb6+ 21. Kg3 O-O-O 22. Qf3 h5 23. Bxc2 Rh6 24. Rhb1 Rg6+ 25. Kh3 Bxe4 26. Bxe4 1-0


[Site "https://www.chess.com"]

[Event "Titled Tuesday Blitz September 13 Late 2022"]
[White "Tanenbaum, Zachary"]
[Black "Kamsky, Gata"]
[WhiteFideId "2060850"]
[BlackFideId "2000024"]
[WhiteElo "2175"]
[BlackElo "2666"]
[Result "0-1"]
[Round "08"]
[TimeControl "180+1"]
[Date "2022.09.13"]
[WhiteClock "0:00:01"]
[BlackClock "0:00:17"]

1. e4 c5 2. Nf3 e6 3. d4 cxd4 4. Nxd4 a6 5. Bd3 Bc5 6. Nb3 Ba7 7. O-O Ne7 8. Qg4 O-O 9. Nc3 Nbc6 10. Qg3 b5 11. Bf4 f5 12. Bd6 Rf6 13. exf5 Nxf5 14. Bxf5 Rxf5 15. Ne4 Bb7 16. Bc7 Qe7 17. Nd6 Rg5 18. Qh3 Bb8 19. Bxb8 Rxb8 20. Nxb7 Rxb7 21. Rad1 b4 22. Qd3 a5 23. Nd4 Nxd4 24. Qxd4 Rc5 25. Rd2 Rbc7 26. Qe4 g6 27. Re1 Qf6 28. b3 Qf5 29. Qxf5 gxf5 30. Ree2 Kf7 31. g3 d5 32. f4 Rc3 33. Kf2 Kf6 34. Kg2 h5 35. Kf2 h4 36. Kg2 hxg3 37. hxg3 a4 38. Kf2 a3 39. Kg2 Rg7 40. Rd3 Rxd3 41. cxd3 Rc7 42. Kf3 Rc1 43. Ke3 Ke7 44. Kf3 Kd6 45. Ke3 Rb1 46. Kf3 Rb2 47. Ke3 Kc5 48. d4+ Kd6 49. Kd3 Rb1 50. Ke3 Rg1 51. Kf2 Rd1 52. Ke3 Rc1 53. Kd3 Rc3+ 54. Kd2 Rxg3 55. Rf2 Ke7 56. Kc2 Rg1 57. Kd3 Ra1 58. Rc2 Kf6 59. Ke3 Re1+ 60. Kd3 Re4 61. Rc5 Rxf4 62. Rb5 Rf2 63. Rxb4 Rxa2 64. Ra4 f4 65. b4 f3 66. b5 f2 67. Kc3 f1=Q 68. Kb4 Qc4+ 0-1


[Site "https://www.chess.com"]

[Event "Titled Tuesday Blitz September 13 Late 2022"]
[White "Tari, Aryan"]
[Black "Sadhwani, Raunak"]
[WhiteFideId "1510045"]
[BlackFideId "35093487"]
[WhiteElo "2612"]
[BlackElo "2656"]
[Result "0-1"]
[Round "08"]
[TimeControl "180+1"]
[Date "2022.09.13"]
[WhiteClock "0:00:06"]
[BlackClock "0:00:09"]

1. e4 e5 2. Nf3 Nc6 3. Bc4 Nf6 4. d3 h6 5. Nc3 Bc5 6. Be3 Bb6 7. a3 d6 8. h3 O-O 9. O-O Be6 10. Bxe6 fxe6 11. d4 Nd7 12. d5 exd5 13. exd5 Ne7 14. Bxb6 Nxb6 15. Qd3 Qd7 16. Rae1 Rf7 17. Nd2 Raf8 18. Nde4 a6 19. b3 Qf5 20. a4 Ng6 21. a5 Nc8 22. Qg3 Nce7 23. Re3 Nf4 24. Rd1 Kh8 25. Qg4 Qh7 26. Ree1 Nf5 27. Rd2 g5 28. Kh2 Rg7 29. g3 Ng6 30. Qh5 Nd4 31. Re3 Rgf7 32. Kg2 Ne7 33. h4 Nef5 34. hxg5 Rg7 35. Red3 hxg5 36. Qxh7+ Kxh7 37. Ne2 Kg6 38. Nxd4 Nxd4 39. Rd1 Rh7 40. Rh1 Rhf7 41. c3 Nxb3 42. Rdd1 Nxa5 43. Rb1 b6 44. Rh2 Rg7 45. Rbh1 Kf7 46. g4 Ke8 47. f3 Nc4 48. Rh5 Ne3+ 49. Kg3 Nxd5 50. Rxg5 Rxg5 51. Nxg5 Kd7 52. Rh7+ Kc6 53. Ne6 Re8 54. Rxc7+ Nxc7 0-1


[Site "https://www.chess.com"]

[Event "Titled Tuesday Blitz September 13 Late 2022"]
[White "Ter-Sahakyan, Samvel"]
[Black "Bortnyk, Mykola"]
[WhiteFideId "13302531"]
[BlackFideId "14120836"]
[WhiteElo "2604"]
[BlackElo "2582"]
[Result "0-1"]
[Round "08"]
[TimeControl "180+1"]
[Date "2022.09.13"]
[WhiteClock "0:00:12"]
[BlackClock "0:00:25"]

1. e4 e5 2. Nf3 d6 3. d4 exd4 4. Nxd4 Nf6 5. Nc3 Be7 6. Bf4 O-O 7. Qd2 d5 8. Ndb5 Bb4 9. f3 Na6 10. a3 Bxc3 11. Nxc3 dxe4 12. Qxd8 Rxd8 13. fxe4 Nc5 14. Bxc7 Re8 15. O-O-O Bg4 16. Rd4 Rac8 17. Bd6 Ncxe4 18. Nxe4 Nxe4 19. Bb5 Re6 20. Bd7 Rxd6 21. Rxd6 Nxd6 22. Bxg4 f5 23. Bf3 Rc7 24. Re1 Kf7 25. Bd5+ Kf8 26. b3 Re7 27. Rxe7 Kxe7 28. Kd2 Kf6 29. c4 Ke5 30. Kd3 b6 31. b4 h6 32. Ba8 g5 33. c5 bxc5 34. bxc5 Nb5 35. a4 Nc7 36. Kc4 Nxa8 0-1


[Site "https://www.chess.com"]

[Event "Titled Tuesday Blitz September 13 Late 2022"]
[White "Timmermans, Mark"]
[Black "Gascon Del Nogal, Jose Rafael"]
[WhiteFideId "1026399"]
[BlackFideId "3902463"]
[WhiteElo "2460"]
[BlackElo "2473"]
[Result "0-1"]
[Round "08"]
[TimeControl "180+1"]
[Date "2022.09.13"]
[WhiteClock "0:01:41"]
[BlackClock "0:01:15"]

1. Nf3 Nf6 2. g3 g6 3. Bg2 Bg7 4. O-O O-O 5. c4 d6 6. Nc3 e5 7. d3 Nc6 8. Rb1 a5 9. a3 Re8 10. Nd2 Nd4 11. e3 Ne6 12. b4 axb4 13. axb4 c6 14. b5 d5 15. bxc6 bxc6 16. Qc2 e4 17. dxe4 d4 18. e5 dxc3 19. exf6 cxd2 20. Bxd2 Qxf6 21. Bxc6 Nd4 22. exd4 Qxc6 23. d5 Qf6 24. Rbe1 Bh3 25. Qd3 Bxf1 26. Rxf1 Qd4 27. Qxd4 Bxd4 28. Rd1 Rec8 29. Rc1 Ra1 0-1


[Site "https://www.chess.com"]

[Event "Titled Tuesday Blitz September 13 Late 2022"]
[White "Yoo, Christopher Woojin"]
[Black "Ibarra Jerez, Jose Carlos"]
[WhiteFideId "30909694"]
[BlackFideId "2226332"]
[WhiteElo "2105"]
[BlackElo "2627"]
[Result "1/2-1/2"]
[Round "08"]
[TimeControl "180+1"]
[Date "2022.09.13"]
[WhiteClock "0:00:01"]
[BlackClock "0:00:04"]

1. Nf3 d6 2. d4 Nf6 3. c4 g6 4. g3 Bf5 5. Bg2 Bg7 6. O-O O-O 7. Qb3 Qc8 8. Nc3 Nc6 9. d5 Na5 10. Qa4 b6 11. c5 dxc5 12. Qh4 c6 13. e4 Bg4 14. Ne5 cxd5 15. Nxd5 Nxd5 16. Nxg4 Nb4 17. e5 Nac6 18. Bg5 Nc2 19. Rad1 N2d4 20. Rfe1 h5 21. Ne3 Nxe5 22. Qe4 Qe6 23. Nd5 Kh7 24. Nc7 Qg4 25. Qxg4 hxg4 26. Bxa8 Nef3+ 27. Kg2 Nxg5 28. Rxe7 Bf6 29. Rd7 Kg7 30. Bd5 Rh8 31. Rh1 Ndf3 32. Ne6+ Nxe6 33. Bxe6 Ne5 34. Rxa7 Rd8 35. Bb3 Rd2 36. Rd1 Rxb2 37. Bxf7 Kh6 38. Be6 c4 39. Rc7 b5 40. a4 Nd3 41. Rf1 Bd4 42. axb5 Nxf2 43. Bxc4 Nh3+ 44. Kh1 Nf2+ 45. Rxf2 Rxf2 46. Rd7 Rd2 47. Be2 Rxe2 48. Rxd4 Kh5 49. Rb4 Re1+ 50. Kg2 Re2+ 51. Kg1 Re1+ 52. Kf2 Re7 53. b6 Rb7 54. Ke3 g5 55. Ke4 Rxb6 56. Rxb6 1/2-1/2


[Site "https://www.chess.com"]

[Event "Titled Tuesday Blitz September 13 Late 2022"]
[White "Zhigalko, Sergei"]
[Black "Tayar, Jonathan"]
[WhiteFideId "13502956"]
[BlackFideId "2606534"]
[WhiteElo "2662"]
[BlackElo "2413"]
[Result "1-0"]
[Round "08"]
[TimeControl "180+1"]
[Date "2022.09.13"]
[WhiteClock "0:01:09"]
[BlackClock "0:00:07"]

1. e4 c5 2. Nf3 d6 3. d4 Nf6 4. Nc3 cxd4 5. Qxd4 a6 6. Bc4 e6 7. Bf4 Nc6 8. Qd3 e5 9. Bg5 Be6 10. O-O-O Rc8 11. Bb3 h6 12. Bxf6 Qxf6 13. Kb1 Qd8 14. Nd5 Be7 15. h3 Bxd5 16. Qxd5 O-O 17. g4 Qa5 18. h4 Qxd5 19. Bxd5 g6 20. c3 Kg7 21. a3 Rc7 22. Nd2 Nd8 23. Nf1 Ne6 24. Ne3 Nf4 25. Bb3 Rc5 26. f3 Rb8 27. Nd5 Nxd5 28. Rxd5 b5 29. Kc2 a5 30. Kd3 b4 31. cxb4 axb4 32. Rxc5 dxc5 33. a4 Rd8+ 34. Bd5 Rd6 35. Kc4 Rc6 36. Bxc6 1-0


[Site "https://www.chess.com"]

[Event "Titled Tuesday Blitz September 13 Late 2022"]
[White "Al Hosani, Omran"]
[Black "Leitao, Rafael"]
[WhiteFideId "9308733"]
[BlackFideId "2101246"]
[WhiteElo "2167"]
[BlackElo "2609"]
[Result "1/2-1/2"]
[Round "09"]
[TimeControl "180+1"]
[Date "2022.09.13"]
[WhiteClock "0:00:06"]
[BlackClock "0:00:19"]

1. d4 Nf6 2. c4 e6 3. Nc3 Bb4 4. e3 O-O 5. Bd3 d5 6. Ne2 c5 7. cxd5 exd5 8. O-O Nc6 9. a3 cxd4 10. Nb5 Bc5 11. exd4 Be7 12. Bf4 Nh5 13. Bc7 Qd7 14. Nec3 g6 15. Na4 Ng7 16. Bf4 Ne6 17. Be3 Bf6 18. Rc1 Re8 19. b4 Qd8 20. Nc5 a6 21. Nxe6 Bxe6 22. Nc3 Bg7 23. Be2 Qf6 24. Bf3 Rad8 25. Ne2 Bf5 26. Qd2 Qd6 27. Bf4 Qd7 28. Be3 Be4 29. Bxe4 dxe4 30. Rfd1 Ne7 31. Nc3 Nf5 32. Ne2 Qd5 33. Rc5 Qd7 34. Rdc1 Nd6 35. h3 b5 36. Rc7 Qf5 37. R7c5 Qd7 38. Rc7 Qf5 39. R7c5 Qd7 1/2-1/2


[Site "https://www.chess.com"]

[Event "Titled Tuesday Blitz September 13 Late 2022"]
[White "Aldokhin, Ivan"]
[Black "Tanenbaum, Zachary"]
[WhiteFideId "24115720"]
[BlackFideId "2060850"]
[WhiteElo "2243"]
[BlackElo "2175"]
[Result "1/2-1/2"]
[Round "09"]
[TimeControl "180+1"]
[Date "2022.09.13"]
[WhiteClock "0:00:04"]
[BlackClock "0:00:06"]

1. e4 e5 2. Nf3 Nc6 3. Bb5 a6 4. Ba4 d6 5. Bxc6+ bxc6 6. d4 exd4 7. Nxd4 c5 8. Nf3 Nf6 9. O-O Be7 10. e5 dxe5 11. Qxd8+ Bxd8 12. Nxe5 O-O 13. Nc3 Bf5 14. Nc6 Bxc2 15. Bg5 h6 16. Bf4 Ne4 17. Rac1 Nxc3 18. Rxc2 Nd5 19. Bd2 Nf6 20. Re1 Nd7 21. Bf4 Bf6 22. Rd1 Rfe8 23. g3 Nf8 24. b3 Ne6 25. Be3 a5 26. Bxc5 Nxc5 27. Rxc5 a4 28. Kf1 axb3 29. axb3 Ra2 30. Nb4 Rb2 31. Nd5 Be5 32. Nxc7 Bxc7 33. Rxc7 Rxb3 34. Rdd7 Rf3 35. Kg2 Rf6 36. Rc2 g6 37. Rcd2 Kg7 38. h4 h5 39. Rc7 Rf5 40. Kf1 Re6 41. Rc3 Ref6 42. Kg2 Re6 43. Rf3 Rxf3 44. Kxf3 Kf6 45. Rd7 Kg7 46. Kf4 Rf6+ 47. Ke3 Rf5 48. f3 Kf6 49. Rd6+ Ke5 50. Rb6 Kd5 51. Rb5+ Ke6 52. Rb6+ Ke7 53. Rb7+ Kf6 54. Ke4 Re5+ 55. Kf4 Rf5+ 56. Ke3 Re5+ 57. Kf2 Re6 58. Rb5 Rd6 59. g4 hxg4 60. fxg4 Rd3 61. Rc5 Rb3 62. Rc6+ Ke5 63. Rc7 Kf4 64. g5 Kg4 65. Rxf7 Kxh4 66. Rf8 Kxg5 67. Kg2 Kg4 68. Rc8 Rb2+ 69. Kg1 g5 70. Rc4+ Kh3 71. Rc3+ Kh4 72. Rc4+ g4 73. Rc3 Rd2 74. Rb3 Kg5 75. Rc3 Kf4 76. Rb3 Rd4 77. Rc3 Kg5 78. Kg2 Kh4 79. Rb3 Rd2+ 80. Kf1 Rc2 81. Kg1 Ra2 82. Rc3 Ra4 83. Rd3 Rf4 84. Rc3 Re4 85. Rb3 Kg5 86. Rc3 Kf4 87. Kg2 Re2+ 88. Kf1 Rd2 89. Kg1 Rd4 90. Rb3 Rc4 91. Ra3 Rc2 92. Rb3 Kg5 93. Ra3 Rb2 94. Rc3 Kh4 95. Rd3 Rb4 96. Rc3 Rf4 97. Rd3 Rf5 98. Kg2 Kg5 99. Kg1 Kf4 100. Rc3 Ke4 101. Rb3 Rf3 102. Rb4+ Kf5 103. Rb5+ Kf4 104. Rb4+ Kg3 105. Rc4 Rd3 106. Rc1 Kh3 107. Rb1 g3 108. Rc1 Re3 109. Rb1 Rc3 110. Ra1 Rb3 111. Rc1 Kg4 112. Rd1 Kf3 113. Rf1+ Kg4 114. Rd1 Rf3 115. Rc1 Rf2 116. Rc8 Rd2 117. Rg8+ Kf3 118. Rf8+ Ke3 119. Re8+ Kf4 120. Rf8+ Ke5 121. Re8+ Kf5 122. Rg8 Rd3 123. Rf8+ Kg4 124. Rg8+ Kf4 125. Rf8+ Ke4 126. Re8+ Kf3 127. Rf8+ Ke2 128. Kg2 Kd2 129. Re8 Kc2 130. Rc8+ Rc3 131. Re8 Rd3 132. Rg8 Kd2 133. Rxg3 Rxg3+ 134. Kxg3 1/2-1/2


[Site "https://www.chess.com"]

[Event "Titled Tuesday Blitz September 13 Late 2022"]
[White "Barbosa, Evandro Amorim"]
[Black "Ceres, Dragos"]
[WhiteFideId "2115824"]
[BlackFideId "13905864"]
[WhiteElo "2454"]
[BlackElo "2150"]
[Result "1/2-1/2"]
[Round "09"]
[TimeControl "180+1"]
[Date "2022.09.13"]
[WhiteClock "0:00:14"]
[BlackClock "0:00:21"]

1. e4 e5 2. Nf3 Nc6 3. Bb5 a6 4. Ba4 g6 5. c3 Bg7 6. d4 exd4 7. cxd4 b5 8. Bb3 Na5 9. Bd2 Nxb3 10. Qxb3 Ne7 11. d5 d6 12. Bc3 f6 13. O-O O-O 14. Nbd2 Kh8 15. a4 Rb8 16. axb5 axb5 17. Ba5 Qd7 18. Nd4 c5 19. Ne6 Rg8 20. Nxg7 Kxg7 21. Bc3 b4 22. Nc4 Bb7 23. Bd2 Nxd5 24. exd5 Bxd5 25. Qd3 Qe6 26. Ra7+ Kh8 27. Re1 Bxc4 28. Rxe6 Bxd3 29. Ree7 g5 30. h4 h6 31. hxg5 hxg5 32. f4 Rge8 33. fxg5 Rxe7 34. Rxe7 fxg5 35. Bxg5 Kg8 36. Bf6 c4 37. Re3 Kf7 38. Bd4 Re8 39. Rxe8 Kxe8 40. Kf2 Kf7 41. g3 Kg6 42. Ke3 Kf5 43. Bb6 d5 44. Bd4 Be4 45. Bc5 c3 46. bxc3 bxc3 47. Bd4 c2 48. Kd2 Kg4 49. Be5 Kf3 50. Bf4 Bf5 51. Kc1 Ke2 52. Bd2 d4 53. Bf4 d3 54. Bd2 Be4 55. Bf4 Kf3 56. Bd2 Kxg3 57. Bc3 Kf3 58. Bd2 Ke2 59. Bc3 Bd5 60. Bd2 Bc4 61. Bc3 Kf3 62. Bd2 Ke4 63. Bc3 Bd5 64. Bd2 Kd4 65. Bh6 Kc3 66. Bd2+ Kb3 67. Bh6 Kc3 68. Bd2+ Kb3 69. Bh6 Kc3 1/2-1/2


[Site "https://www.chess.com"]